 Dungeon Crawl Stone Soup version 0.31-a0-233-g139696dc86 (webtiles) character file.

Game seed: 10990438286275629463

36 qw the Shooter (level 3, 0/21 HPs)
             Began as a Gargoyle Hexslinger on July 7, 2023.
             Killed from afar by Natasha (7 damage)
             ... with a magic dart
             ... on level 2 of the Dungeon.
             The game lasted 00:00:23 (833 turns).

qw the Shooter (Gargoyle Hexslinger)                 Turns: 833, Time: 00:00:23

Health: 0/21       AC:  7    Str: 11    XL:     3   Next: 37%
Magic:  4/4        EV: 11    Int: 13    God:
Gold:   49         SH:  0    Dex: 14    Spells: 3/4 levels left

rFire   . . .        Y - +1 sling
rCold   . . .        (no shield)
rNeg    + . .        j - +0 leather armour
rPois   inf          (no helmet)
rElec   +            (no cloak)
rCorr   .            l - +0 pair of gloves
SInv    .            (no boots)
Will    .....        (no amulet)
Stlth   +            (no ring)
HPRegen 0.23/turn    (no ring)
MPRegen 0.09/turn

%: no passive effects
@: no status effects
A: sickness immunity, AC +3, negative energy resistance 1, electricity
resistance, torment resistance 1, petrification resistance
a: no special abilities


You were on level 2 of the Dungeon.
You visited 1 branch of the dungeon, and saw 2 of its levels.

You collected 49 gold pieces.


Innate Abilities, Weirdness & Mutations

You are immune to sickness and miasma.
Your stone body is resilient. (AC +3)
You are immune to poison.
You resist negative energy. (rN+)
You are resistant to electric shocks. (rElec)
You are resistant to unholy torment.
You are immune to petrification.


   Skills:
 - Level 2.0 Fighting
 + Level 3.3 Ranged Weapons
 - Level 1.5 Dodging
 - Level 1.0 Spellcasting
 - Level 2.6 Hexes


You had 3 spell levels left.
You knew the following spells:

 Your Spells              Type           Power      Damage    Failure   Level
a - Slow                  Hex            28%        N/A       12%         1

Your spell library contained the following spells:

 Spells                   Type           Power      Damage    Failure   Level
 Inner Flame              Hex/Fire       4%         N/A       54%         3
 Portal Projectile        Hex/Tloc       8%         N/A       54%         3
 Cause Fear               Hex            3%         N/A       77%         4

Inventory:

Hand Weapons
 Y - a +1 sling (weapon)
Armour
 j - a +0 leather armour (worn)
 l - a +0 pair of gloves (worn)
Potions
 h - a potion of attraction {unknown}
 i - a potion of mutation {unknown}
 k - a potion of degeneration {unknown}

Dungeon Overview and Level Annotations

Branches:
Dungeon (2/15)

Altars:

Annotations:
D:2 Natasha


Message History

Enter note: You shoot a sling bullet.
The sling bullet hits Natasha but does no damage.
Natasha casts a spell at you. The magic dart hits you.
Natasha stares at you and mumbles some strange words.
You resist with significant effort.
You shoot a sling bullet. The sling bullet misses Natasha.
You shoot a sling bullet. The sling bullet hits Natasha.
Natasha is lightly wounded.
Natasha barely misses you.
You shoot a sling bullet.
The sling bullet closely misses Natasha.
The sling bullet hits the plant!
The plant begins to die.
The plant is lightly damaged.
Natasha closely misses you.
You shoot a sling bullet.
The sling bullet closely misses Natasha.
The sling bullet hits the plant.
The plant is lightly damaged.
Natasha closely misses you.
You shoot a sling bullet. The sling bullet hits Natasha.
Natasha is heavily wounded.
A nearby plant withers and dies.
Natasha claws you but does no damage. Natasha casts a spell at you.
The magic dart hits you.
You shoot a sling bullet.
The sling bullet completely misses Natasha.
Natasha claws you.
You shoot a sling bullet.
The sling bullet hits Natasha but does no damage.
Natasha is heavily wounded.
Natasha barely misses you.
You shoot a sling bullet. The sling bullet hits Natasha!
Natasha is almost dead.
Natasha stares at you and mumbles some strange words.
The magic dart hits you. Natasha casts a spell at you. The magic dart hits you!
You die...

###.###...#####.# #.
.#.###.#7..P..P....#
#.
#......7..7~.....P.#
##
.....7..~~7~~...P.#
?.7.[.77~~~~P....#
#...~~~~~~~....##
#.#...~~~7~7.7P..#
#....h7~.~......##
.###.@.7....####
#.....########
#.###. #. #. #. #.
#.


You could see Natasha.

Vanquished Creatures
  An adder (D:2)
  2 ball pythons (D:1)
  6 endoplasms
  A giant cockroach (D:1)
  2 goblins (D:1)
  3 hobgoblins
  A quokka (D:1)
  A bat (D:1)
  2 frilled lizards (D:1)
  5 kobolds (D:1)
  2 rats (D:1)
26 creatures vanquished.

Notes
Turn   | Place    | Note
-------+----------+-------------------------------------------
     0 | D:1      | qw the Gargoyle Hexslinger began the quest for the Orb.
     0 | D:1      | Reached XP level 1. HP: 12/12 MP: 2/2
     0 | D:1      | 0 ||| qw: Version: 0.3-a-46-gb1f654a
     0 | D:1      | 0 ||| qw: Game counter: 3310
     0 | D:1      | 0 ||| qw: Melee chars always use a shield: true
     0 | D:1      | 0 ||| qw: God list: Okawaru
     0 | D:1      | 0 ||| qw: Allow faded altars: false
     0 | D:1      | 0 ||| qw: Do Orc after clearing Dungeon:15 true
     0 | D:1      | 0 ||| qw: Do second Lair branch before Depths: true
     0 | D:1      | 0 ||| qw: Lair rune preference: random
     0 | D:1      | 0 ||| qw: Goals: Normal
     0 | D:1      | 0 ||| PLANNING D:1-11
    47 | D:1      | Reached XP level 2. HP: 16/16 MP: 3/3
   107 | D:1      | Reached skill level 3 in Ranged Weapons
   581 | D:1      | 581 ||| UPGRADING to +0 leather armour.
   591 | D:1      | 591 ||| DROPPING +0 robe.
   592 | D:1      | 592 ||| UPGRADING to +0 pair of gloves.
   597 | D:1      | 597 ||| READING scroll labelled CERUEMA XYIGI.
   598 | D:1      | 598 ||| READING scroll labelled XAH RUZXYCU.
   599 | D:1      | 599 ||| READING 2 scrolls labelled HOF TEPLIYNK.
   600 | D:1      | 600 ||| DRINKING 2 green potions.
   606 | D:1      | 606 ||| DROPPING scroll of poison.
   607 | D:1      | 607 ||| DROPPING potion of ambrosia.
   608 | D:1      | 608 ||| DROPPING scroll of blinking.
   674 | D:2      | Reached XP level 3. HP: 21/21 MP: 4/4
   821 | D:2      | Noticed Natasha
   833 | D:2      | Killed from afar by Natasha

Levels and vault maps discovered:
D:1:      dpeg_arrival_long_road, layout_basic, hangedman_feature_mirror,
          minmay_door_square, nicolae_figureground_pulse
D:2:      layout_basic, serial_curves, eino_curves_04, eino_curves_04,
          eino_curves_03, serial_bayou_pond_a, uniq_sigmund, uniq_natasha

Skill      XL: |  1  2  3 |
---------------+----------+-----
Ranged Weapons | 3 |  3.3
Fighting       | 2 |  2.0
Dodging        | |  1.5
Spellcasting   | |  1.0
Hexes          | |  2.6

Action                     || total
---------------------------++-------
   Fire: Sling             ||    86
    Use: Scroll            ||     3
         Potion            ||     1
 Armour: Robe              ||    11
         Leather armour    ||     4
  Dodge: Dodged            ||    26

Table legend:
 A = Non-vault XP
 B = Vault XP
 C = Vault XP percentage of total XP
 D = Non-vault monster count
 E = Vault monster count
 F = Vault count percentage of total count
                 A         B        C        D         E       F
            +---------+---------+-------+---------+---------+-------
      Total |      50 |       2 |   3.8 |      24 |       2 |   7.7
            +---------+---------+-------+---------+---------+-------
        D:1 |      31 |       2 |   6.1 |      20 |       2 |   9.1
        D:2 |      19 |       0 |   0.0 |       4 |       0 |   0.0
            +---------+---------+-------+---------+---------+-------
